 Dungeon Sprint DCSS version 0.19.1 (webtiles) character file.

41991 yeeve the Wrestler (level 13, -13/157 HPs)
             Began as a Troll Berserker on Dec 21, 2016.
             Was a High Priest of Trog.
             Killed from afar by a frost giant (37 damage)
             ... with a bolt of cold
             ... in the Dungeon (Sprint IX: "|||||||||||||||||||||||||||||").
             The game lasted 00:21:12 (3658 turns).

yeeve the Wrestler (Troll Berserker)                Turns: 3658, Time: 00:21:13

Health: -13/157    AC: 12    Str: 28    XL:     13   Next: 83%
Magic:  12/12      EV: 13    Int:  4    God:    Trog [*****.]
Gold:   1524       SH: 20    Dex: 12    Spells: 0 memorised, 12 levels left

rFire  + . .     SeeInvis +       - Unarmed
rCold  . . .     Gourm    +     t - +0 swamp dragon scales
rNeg   . . .     Faith    .     B - +1 large shield
rPois  +         Spirit   .     (helmet restricted)
rElec  .         Reflect  .     n - +1 cloak
rCorr  .         Harm     .     (gloves unavailable)
MR     .....     NoTele   +     (boots unavailable)
Stlth  +.........               (no amulet)
                                q - ring of see invisible
                                J - ring of protection from fire

@: no status effects
A: unfitting armour, claws 3, fast metabolism 3, gourmand, regeneration 1,
shaggy fur 1, tough skin 2
a: Berserk, Trog's Hand, Brothers in Arms, Burn Spellbooks, Renounce Religion


You were in the Dungeon.
You worshipped Trog.
Trog was extremely pleased with you.
You were full.

You visited 1 branch You collected 1949 gold pieces.
You spent 425 gold pieces at shops.

Inventory:

Hand Weapons
 b - a +4 giant spiked club
 c - a +4 antimagic great sword
 s - a +6 antimagic battleaxe
 w - the +8 great sword "Hum Zabe" {protect, +Inv Int+3}
   (Trog gifted it to you in the Dungeon)

   It protects the one who uses it against injury (+AC on strike).
   It affects your intelligence (+3).
   It lets you turn invisible.
 D - a +4 executioner's axe of electrocution
 E - a +2 trident of venom
 G - a +5 hunting sling
 H - a +1 quarterstaff of holy wrath
 K - a +4 hand crossbow of flaming
 L - a +2 antimagic demon whip
 M - a +3 longbow of flaming
 N - a +2 triple crossbow of flaming
 P - a +5 antimagic falchion
Missiles
 r - 5 large rocks (quivered)
 C - 7 needles of sleeping
Armour
 n - a +1 cloak (worn)
 t - +0 swamp dragon scales (worn)
 B - a +1 large shield (worn)
 F - a +2 robe of magic resistance
Jewellery
 i - an uncursed ring of poison resistance
 o - a +3 ring of strength
 p - a +2 ring of evasion
 q - a ring of see invisible (right claw)
 J - a ring of protection from fire (left claw)
Wands
 l - a wand of acid (5/15)
Scrolls
 h - 3 scrolls of blinking
 k - 3 scrolls of remove curse
 u - 2 scrolls of fog
 v - a scroll of fear
 y - a scroll of recharging
 I - 2 scrolls of identify
Potions
 a - 8 potions of curing
 d - 9 potions of heal wounds
 e - 3 potions of haste
 f - 4 potions of magic
 g - 3 potions of berserk rage
 j - a potion of invisibility
 x - a potion of brilliance
 O - 2 potions of degeneration {unknown}
 Q - a potion of ambrosia {unknown}
Comestibles
 m - 14 bread rations
 z - 40 fruits
 A - 12 meat rations


   Skills:
 + Level 17.5 Fighting
 - Level 10.2 Dodging
 + Level 11.5 Shields
 * Level 24.0 Unarmed Combat


You had 12 spell levels left.
You didn't know any spells.

Dungeon Overview and Level Annotations

Branches:
Dungeon (1/1)

Altars:
Cheibriados
Dithmenos
Elyvilon
Fedhas
Gozag
Hepliaklqana
Kikubaaqudgha
Makhleb
Nemelex Xobeh
Okawaru
Qazlal
Ru
Sif Muna
Trog
Uskayaw
Vehumet
Xom
Yredelemnul
Zin
The Shining One
Beogh
Jiyva
Lugonu

Shops:
D !(**


Innate Abilities, Weirdness & Mutations

You are too large for most types of armour.
You have claws for hands.
Your metabolism is lightning-fast.
You like to eat raw meat.
Your natural rate of healing is unusually fast.
You are covered in fur. (AC +1)
You have very tough skin. (AC +2)


Message History

Aim: a frost giant, wielding a battleaxe of freezing (blue smoke, heavily wounded, bound soul)
You throw a large rock.
The large rock hits the frost giant but does no damage.
The frost giant is heavily wounded.
Throwing (i - inventory):
r - 7 large rocks (quivered)
Press: ? - help, Shift-Dir - straight line, f/p - frost giant
Aim: a frost giant, wielding a battleaxe of freezing (heavily wounded, bound soul)
You throw a large rock. The large rock hits the frost giant!!
The frost giant is severely wounded.
The frost giant casts a spell at you. The bolt of cold hits you!
* * * LOW HITPOINT WARNING * * *
Throwing (i - inventory):
r - 6 large rocks (quivered)
Press: ? - help, Shift-Dir - straight line, f/p - frost giant
Aim: a frost giant, wielding a battleaxe of freezing (severely wounded, bound soul)
You throw a large rock. The large rock hits the frost giant!
The frost giant is almost dead.
The frost giant gestures at you while chanting.
The bolt of cold hits you!
You die...

▓▓▓▓▓▓▓▓▓▓▓▓▓▓▓▓▓▓▓▓▓▓▓▓▓▓
...G..((GpC).T...........▓
▓▓▓▓▓▓▓▓▓▓▓▓▓▓▓▓▓▓▓▓▓▓▓▓▓▓▓.▓
.......)....................▓
▓▓▓▓▓▓▓▓▓▓▓▓▓▓▓▓▓▓▓▓▓▓▓▓▓▓▓▓▓
..'..[..(()(((..............▓
▓▓▓▓▓▓▓▓▓▓▓▓▓▓▓▓▓▓▓▓▓▓▓▓▓▓▓.▓
...............%............▓
▓▓▓▓▓▓▓▓▓▓▓▓▓▓▓▓▓▓▓▓▓▓▓▓▓▓▓▓▓
[[[[.)))))))).==..'.........▓


You could see a frost giant, a great orb of eyes and a necromancer (invisible).

Vanquished Creatures
  Frances (D)
  A fire giant (D)
  An ettin (D)
  A fire dragon (D)
  A merfolk impaler (D)
  Josephine (D)
  A great orb of eyes (D)
  An ice dragon (D)
  A death knight (D)
  A catoblepas (D)
  2 ogre magi (D)
  A centaur warrior (D)
  4 death yaks (D)
  2 shock serpents (D)
  2 naga sharpshooters (D)
  A sea snake (D)
  2 swamp dragons (D)
  A spriggan druid (D)
  A naga ritualist (D)
  A harpy (D)
  An orb spider (D)
  A deep elf mage (D)
  6 orc sorcerers (D)
  2 cyclopes (D)
  5 black mambas (D)
  Maurice (D)
  A naga mage (D)
  A torpor snail (D)
  A water nymph (D)
  3 spiny frogs (D)
  A demonic crawler (D)
  A komodo dragon (D)
  2 yaktaurs (D)
  2 merfolk (D)
  A jumping spider (D)
  2 wind drakes (D)
  A polar bear (D)
  A two-headed ogre (D)
  2 bog bodies (D)
  A slime creature (D)
  A blink frog (D)
  A snapping turtle (D)
  A shadow (D)
  6 yaks (D)
  Eustachio (D)
  4 wraiths (D)
  A vampire mosquito (D)
  A mottled dragon (D)
  A soldier ant (shapeshifter) (D)
  3 porcupines (D)
  2 sky beasts (D)
  12 orc warriors (D)
  2 crocodiles (D)
  A scorpion (D)
  A hound (D)
  An orc priest (D)
  6 orc wizards (D)
  A worker ant (D)
  An iguana (D)
  An adder (D)
  A shadow imp (D)
  2 dart slugs (D)
  3 orcs (D)
  A bat skeleton (D)
  A goblin (D)
  A hobgoblin (D)
  A kobold (D)
  A quokka skeleton (D)
  3 briar patches (D)
125 creatures vanquished.

Vanquished Creatures (collateral kills)
  Saint Roka (D)
  A thorn hunter (D)
  A frost giant (D)
  A stone giant (D)
  A vampire knight (D)
  An entropy weaver (D)
  A fire dragon (D)
  A death yak (D)
  5 orc knights (D)
  2 orc sorcerers (D)
  An orb spider (D)
  A moth of wrath (D)
  A torpor snail (D)
  A hippogriff (D)
  A redback (D)
  A yak (D)
  A porcupine (D)
  A swamp drake (D)
  5 orc warriors (D)
  A crocodile (D)
  A bullfrog (D)
  2 orc priests (D)
  An orc wizard (D)
  4 orcs (D)
37 creatures vanquished.

Grand Total: 162 creatures vanquished

Notes
Turn   | Place    | Note
-------+----------+-------------------------------------------
     0 | D        | yeeve the Troll Berserker began the quest for the Orb.
     0 | D        | Reached XP level 1. HP: 22/22 MP: 0/0
     4 | D        | Banished a spatial maelstrom
    10 | D        | Reached ** piety under Trog
    15 | D        | Reached skill level 4 in Unarmed Combat
    17 | D        | Reached XP level 2. HP: 24/31 MP: 1/1
   134 | D        | Noticed a scorpion
   134 | D        | Noticed a sky beast
   135 | D        | Reached skill level 5 in Unarmed Combat
   142 | D        | Reached *** piety under Trog
   142 | D        | Reached skill level 6 in Unarmed Combat
   142 | D        | Reached XP level 3. HP: 39/39 MP: 2/2
   148 | D        | Killed a sky beast
   148 | D        | Reached skill level 5 in Fighting
   148 | D        | Reached skill level 9 in Unarmed Combat
   148 | D        | Reached XP level 4. HP: 50/50 MP: 3/3
   148 | D        | Reached XP level 5. HP: 57/57 MP: 4/4
   153 | D        | Reached skill level 10 in Unarmed Combat
   171 | D        | Found a roughly hewn altar of Beogh.
   171 | D        | Found a snail-covered altar of Cheibriados.
   171 | D        | Found a shadowy altar of Dithmenos.
   171 | D        | Found a white marble altar of Elyvilon.
   171 | D        | Found a blossoming altar of Fedhas.
   171 | D        | Found an opulent altar of Gozag.
   172 | D        | Found a hazy altar of Hepliaklqana.
   173 | D        | Found a viscous altar of Jiyva.
   174 | D        | Found an ancient bone altar of Kikubaaqudgha.
   175 | D        | Found a corrupted altar of Lugonu.
   176 | D        | Found a burning altar of Makhleb.
   177 | D        | Found a sparkling altar of Nemelex Xobeh.
   178 | D        | Found an iron altar of Okawaru.
   179 | D        | Found a stormy altar of Qazlal.
   180 | D        | Found a sacrificial altar of Ru.
   181 | D        | Found a deep blue altar of Sif Muna.
   182 | D        | Found a bloodstained altar of Trog.
   183 | D        | Found a hide-covered altar of Uskayaw.
   184 | D        | Found a radiant altar of Vehumet.
   185 | D        | Found a shimmering altar of Xom.
   186 | D        | Found a basalt altar of Yredelemnul.
   187 | D        | Found a glowing silver altar of Zin.
   188 | D        | Found a glowing golden altar of the Shining One.
   224 | D        | Noticed a yak
   224 | D        | Noticed a sky beast
   224 | D        | Noticed a two-headed ogre
   224 | D        | Noticed a yak
   229 | D        | Killed a yak
   229 | D        | Reached **** piety under Trog
   229 | D        | Reached skill level 11 in Unarmed Combat
   229 | D        | Reached XP level 6. HP: 71/71 MP: 5/5
   233 | D        | Killed a two-headed ogre
   233 | D        | Reached skill level 12 in Unarmed Combat
   233 | D        | Reached XP level 7. HP: 79/79 MP: 6/6
   238 | D        | Reached skill level 13 in Unarmed Combat
   239 | D        | Reached ***** piety under Trog
   243 | D        | Killed a yak
   302 | D        | Noticed a deep elf mage
   302 | D        | Noticed a cyclops
   302 | D        | Noticed a cyclops
   307 | D        | Killed a cyclops
   307 | D        | Received a gift from Trog
   307 | D        | Reached skill level 14 in Unarmed Combat
   307 | D        | Reached XP level 8. HP: 92/92 MP: 7/7
   312 | D        | Killed a deep elf mage
   312 | D        | Reached skill level 15 in Unarmed Combat
   322 | D        | Killed a cyclops
   322 | D        | Reached skill level 10 in Fighting
   322 | D        | Reached XP level 9. HP: 48/101 MP: 8/8
   328 | D        | Received a gift from Trog
   596 | D        | Noticed a black mamba
   601 | D        | Noticed a spiny frog
   601 | D        | Reached skill level 16 in Unarmed Combat
   604 | D        | Killed a black mamba
   607 | D        | Reached skill level 5 in Dodging
   616 | D        | Killed a spiny frog
   620 | D        | Reached skill level 17 in Unarmed Combat
   683 | D        | Noticed a polar bear
   687 | D        | Received a gift from Trog
   689 | D        | Noticed a black mamba
   690 | D        | Reached XP level 10. HP: 111/113 MP: 9/9
   693 | D        | Noticed a spiny frog
   699 | D        | Killed a black mamba
   701 | D        | Received a gift from Trog
   706 | D        | Killed a spiny frog
   732 | D        | Noticed a death yak
   732 | D        | Noticed a catoblepas
   732 | D        | Noticed a death yak
   732 | D        | Noticed a death yak
   732 | D        | Noticed a death yak
   734 | D        | Noticed a death yak
   735 | D        | Killed a death yak
   735 | D        | Reached skill level 18 in Unarmed Combat
   739 | D        | Killed a death yak
   769 | D        | Killed a death yak
   773 | D        | Killed a catoblepas
   777 | D        | Killed a death yak
   782 | D        | Killed a death yak
   782 | D        | Reached XP level 11. HP: 116/126 MP: 10/10
   784 | D        | Reached skill level 19 in Unarmed Combat
   789 | D        | Received a gift from Trog
   797 | D        | Got a polished great sword {god gift}
   943 | D        | Noticed Eustachio
   960 | D        | Killed Eustachio
   990 | D        | Noticed an orc knight
  1002 | D        | Killed an orc knight
  1060 | D        | Received a gift from Trog
  1066 | D        | Reached ****** piety under Trog
  1220 | D        | Noticed an orc knight
  1220 | D        | Noticed an orc sorcerer
  1220 | D        | Noticed an orc knight
  1223 | D        | Noticed an orc knight
  1226 | D        | Killed an orc knight
  1230 | D        | Killed an orc sorcerer
  1232 | D        | Killed an orc knight
  1232 | D        | Received a gift from Trog
  1235 | D        | Noticed an orc knight
  1235 | D        | Killed an orc knight
  1238 | D        | Killed an orc knight
  1240 | D        | Received a gift from Trog
  1297 | D        | Identified the +8 great sword "Hum Zabe" {protect, +Inv Int+3} (Trog gifted it to you in the Dungeon)
  1366 | D        | Found Jynafuig's General Store.
  1366 | D        | Noticed an orc sorcerer
  1366 | D        | Noticed an orc sorcerer
  1368 | D        | Noticed an orc sorcerer
  1374 | D        | Killed an orc sorcerer
  1375 | D        | Found Bockate's General Store.
  1377 | D        | Killed an orc sorcerer
  1379 | D        | Received a gift from Trog
  1380 | D        | Noticed an orc sorcerer
  1386 | D        | Killed an orc sorcerer
  1386 | D        | Reached skill level 20 in Unarmed Combat
  1391 | D        | Found Jeidaipe's Antique Weapon Boutique.
  1393 | D        | Killed an orc sorcerer
  1394 | D        | Noticed an orc sorcerer
  1395 | D        | Received a gift from Trog
  1396 | D        | Found Dead Kuh's Distillery.
  1398 | D        | Noticed an orc sorcerer
  1401 | D        | Noticed an orc sorcerer
  1403 | D        | Killed an orc sorcerer
  1405 | D        | Noticed a sixfirhy
  1412 | D        | Killed an orc sorcerer
  1412 | D        | Received a gift from Trog
  1420 | D        | Killed an orc sorcerer
  1511 | D        | Bought a scroll of enchant armour for 75 gold pieces
  1511 | D        | Bought a scroll of identify for 20 gold pieces
  1513 | D        | Bought a potion of heal wounds for 55 gold pieces
  1513 | D        | Bought an uncursed ring of protection from fire for 275 gold pieces
  1710 | D        | Noticed Josephine
  1714 | D        | Received a gift from Trog
  1714 | D        | Reached skill level 10 in Dodging
  1720 | D        | Killed Josephine
  2065 | D        | Noticed a centaur warrior
  2073 | D        | Noticed a death knight
  2073 | D        | Received a gift from Trog
  2073 | D        | Reached skill level 1 in Shields
  2075 | D        | Noticed a frost giant
  2077 | D        | Killed a centaur warrior
  2077 | D        | Reached XP level 12. HP: 112/140 MP: 11/11
  2078 | D        | Noticed an ogre mage
  2087 | D        | Killed a frost giant
  2087 | D        | Reached skill level 21 in Unarmed Combat
  2097 | D        | Killed a death knight
  2098 | D        | Noticed a great orb of eyes
  2099 | D        | Killed an ogre mage
  2099 | D        | Received a gift from Trog
  2111 | D        | Reached skill level 15 in Fighting
  2111 | D        | Reached skill level 5 in Shields
  2115 | D        | Killed a great orb of eyes
  2174 | D        | Noticed a fire dragon
  2183 | D        | Killed a fire dragon
  2390 | D        | Noticed Saint Roka
  2399 | D        | Received a gift from Trog
  2412 | D        | Killed Saint Roka
  2584 | D        | Received a gift from Trog
  2599 | D        | Received a gift from Trog
  2599 | D        | Reached skill level 22 in Unarmed Combat
  2614 | D        | Reached XP level 13. HP: 71/152 MP: 12/12
  2765 | D        | Noticed an entropy weaver
  2787 | D        | Killed an entropy weaver
  2787 | D        | Received a gift from Trog
  2897 | D        | Noticed a merfolk impaler
  2906 | D        | Received a gift from Trog
  2931 | D        | Killed a merfolk impaler
  2933 | D        | Reached skill level 10 in Shields
  3170 | D        | Received a gift from Trog
  3174 | D        | Noticed a thorn hunter
  3194 | D        | Killed a thorn hunter
  3194 | D        | Reached skill level 23 in Unarmed Combat
  3537 | D        | Noticed Frances
  3549 | D        | Killed Frances
  3569 | D        | Noticed Maurice
  3574 | D        | Killed Maurice
  3574 | D        | Received a gift from Trog
  3616 | D        | Noticed a fire giant
  3616 | D        | Noticed a vampire knight
  3616 | D        | Noticed a fire dragon
  3616 | D        | Noticed an ettin
  3625 | D        | Killed a vampire knight
  3627 | D        | Killed an ettin
  3631 | D        | Killed a fire dragon
  3637 | D        | Noticed a stone giant
  3638 | D        | Noticed a frost giant
  3639 | D        | Killed a fire giant
  3639 | D        | Received a gift from Trog
  3651 | D        | Killed a stone giant
  3651 | D        | Reached skill level 24 in Unarmed Combat
  3658 | D        | Killed from afar by a frost giant

Skill      XL: |  1  2  3  4  5  6  7  8  9 10 11 12 13 |
---------------+----------------------------------------+-----
Unarmed Combat | 4 6 9 11 12 14 15 17 18 20 22 24 | 24.0
Fighting       | 3 4 5 7 9 10 11 12 14 16 17 | 17.5
Dodging        | 4 6 8 10 | 10.2
Shields        | 2 8 11 | 11.5

Action                   |  1- 3 |  4- 6 |  7- 9 | 10-12 | 13-15 || total
-------------------------+-------+-------+-------+-------+-------++-------
Melee: Unarmed           |    23 |     9 |    52 |   173 |   102 ||   359
       Punch             |       |       |     7 |    16 |       ||    23
Throw: Large rock        |       |       |       |       |     8 ||     8
Invok: Berserk           |     1 |     1 |     2 |     3 |       ||     7
       Trog's Hand       |       |     1 |     2 |     9 |     5 ||    17
       Brothers in Arms  |       |       |     1 |     7 |     5 ||    13
Evoke: Wand              |       |       |       |       |     2 ||     2
  Use: Scroll            |       |       |     5 |     1 |     1 ||     7
       Potion            |       |       |       |       |     1 ||     1
  Eat: Chunk             |     3 |       |    10 |    24 |    11 ||    48
       Bread ration      |       |       |     1 |       |       ||     1
Armor: Animal skin       |     3 |       |     6 |    12 |       ||    21
       Swamp dragon scal |       |       |       |     4 |     9 ||    13
Dodge: Dodged            |    12 |     3 |    18 |    56 |    14 ||   103
Block: Large shield      |       |       |       |    20 |    88 ||   108
